 Dungeon Crawl Stone Soup version 0.25-a0-189-gf71692caf1 (webtiles) character file.

Game seed: 9935342451741699524, levelgen mode: deterministic

87711 Fingolfin the Warrior (level 15, -8/141 HPs)
             Began as a Demigod Earth Elementalist on Oct 25, 2019.
             Mangled by a two-headed ogre
             ... wielding a +0 giant club
              (12 damage)
             ... on level 14 of the Dungeon on Nov 29, 2019.
             The game lasted 02:37:19 (35903 turns).

Fingolfin the Warrior (Demigod Earth Elementalist) Turns: 35903, Time: 02:37:20

Health: -8/141     AC: 17    Str: 14    XL:     15   Next: 4%
Magic:  4/29       EV: 14    Int: 29    God:
Gold:   1717       SH:  4    Dex:  9    Spells: 9/26 levels left

rFire    + + .     SeeInvis .   a - staff of earth
rCold    x . .     Gourm    +   k - +0 buckler
rNeg     + . .     Faith    .   h - +1 robe of Xaddaqadd {MR++ Dex-4}
rPois    .         Spirit   .   H - +2 hat
rElec    .         Reflect  .   O - +2 cloak {rF+}
rCorr    .         Harm     .   l - +2 pair of gloves
MR       +++..                  P - +2 pair of boots {Fly}
Stlth    +++.......             Z - amulet of the gourmand
HPRegen  0.33/turn              T - +2 ring of protection
MPRegen  0.21/turn              L - ring "Qucwilol" {Fire +Blink rN+ Str+3 Dex-3}

@: flying
A: high mp 1
a: Evoke Blink, Stop Flying


You were on level 14 of the Dungeon.
You were not hungry.

You visited 3 branches of the dungeon, and saw 22 of its levels.
You visited the Abyss 1 time.
You also visited: Volcano.

You collected 2813 gold pieces.
You spent 1096 gold pieces at shops.

Inventory:

Hand Weapons
 b - a +5 eveningstar
 W - a +2 eveningstar of venom
Missiles
 j - 219 stones (quivered)
Armour
 h - the +1 robe of Xaddaqadd (worn) {MR++ Dex-4}
   (You found it on level 11 of the Dungeon)

   It affects your dexterity (-4).
   It affects your resistance to hostile enchantments.
 k - a +0 buckler (worn)
 l - a +2 pair of gloves (worn)
 r - the +6 leather armour of Hospitality {Int+7 Dex-3}
   (You found it on level 4 of the Dungeon)

   It affects your intelligence (+7).
   It affects your dexterity (-3).
 H - a +2 hat (worn)
 O - a +2 cloak of fire resistance (worn)
 P - a +2 pair of boots of flying (worn)
Magical Staves
 a - an uncursed staff of earth (weapon)
Jewellery
 v - an uncursed ring of poison resistance
 x - an uncursed ring of see invisible
 C - an uncursed amulet of regeneration
 K - an uncursed ring of positive energy
 L - the ring "Qucwilol" (right hand) {Fire +Blink rN+ Str+3 Dex-3}
   (You took it off an orc wizard on level 9 of the Dungeon)

   [ring of fire]

   It enhances your fire magic.
   It affects your strength (+3).
   It affects your dexterity (-3).
   It protects you from fire.
   It makes you vulnerable to cold.
   It protects you from negative energy.
   It lets you blink.
 T - a +2 ring of protection (left hand)
 V - a +3 ring of intelligence
 Z - an amulet of the gourmand (around neck)
Wands
 m - a wand of iceblast (22)
 s - a wand of paralysis (7)
 y - a wand of clouds (6)
 J - a wand of acid (2)
 Q - a wand of flame (30)
 Y - a wand of polymorph (4)
Scrolls
 e - 9 scrolls of teleportation
 f - 2 scrolls of vulnerability
 g - 2 scrolls of enchant armour
 o - 5 scrolls of fog
 p - 5 scrolls of immolation
 w - 6 scrolls of enchant weapon
 E - 3 scrolls of fear
 F - 16 scrolls of remove curse
 G - a scroll of acquirement {unknown}
 I - 6 scrolls of magic mapping
 U - a scroll of amnesia {unknown}
Potions
 c - 6 potions of might
 i - 6 potions of brilliance
 n - 7 potions of berserk rage
 q - 4 potions of heal wounds
 t - 3 potions of resistance
 u - 5 potions of agility
 z - 6 potions of haste
 A - 5 potions of curing
 B - a potion of mutation
 D - a potion of degeneration {unknown}
 M - a potion of magic
 R - 3 potions of lignification
 S - a potion of invisibility
Miscellaneous
 N - a phial of floods
 X - a lamp of fire (inert)
Comestibles
 d - 24 rations


   Skills:
 - Level 15.0 Fighting
 - Level 9.1 Maces & Flails
 - Level 6.0 Armour
 - Level 6.0 Dodging
 - Level 6.0 Stealth
 - Level 5.0 Shields
 - Level 6.4 Spellcasting
 - Level 8.0 Conjurations
 - Level 4.0 Transmutations
 + Level 8.3 Earth Magic
 - Level 6.3 Evocations


You had 9 spell levels left.
You knew the following spells:

 Your Spells              Type           Power        Failure   Level  Hunger
a - Sandblast             Erth           ######       1%          1    None
b - Passwall              Tmut/Erth      ######..     1%          2    None
c - Stone Arrow           Conj/Erth      ######       1%          3    None
d - Lee's Rapid Deconstr  Erth           ######....   4%          5    #####..
e - Petrify               Tmut/Erth      ######..     4%          4    ###....
f - Animate Skeleton      Necr           N/A          5%          1    None
t - Apportation           Tloc           #.....       5%          1    None

Your spell library contained the following spells:

 Spells                   Type           Power        Failure   Level  Hunger
 Magic Dart               Conj           ####         1%          1    None
 Searing Ray              Conj           ######       1%          2    None
 Throw Frost              Conj/Ice       ####..       1%          2    None
 Iskenderun's Mystic Bla  Conj           ######..     1%          4    ###....
 Dazzling Spray           Conj/Hex       ####..       3%          3    None
 Confusing Touch          Hex            #.....       5%          1    None
 Corona                   Hex            #......      5%          1    None
 Freeze                   Ice            #...         5%          1    None
 Summon Small Mammal      Summ           #...         5%          1    None
 Call Imp                 Summ           #.......     9%          2    None
 Slow                     Hex            #.......     9%          2    None
 Leda's Liquefaction      Hex/Erth       ######....   10%         4    ###....
 Force Lance              Conj/Tloc      ####....     11%         4    ###....
 Fulminant Prism          Conj/Hex       ####......   11%         4    ###....
 Throw Icicle             Conj/Ice       ####....     11%         4    ###....
 Call Canine Familiar     Summ           #.......     16%         3    None
 Confuse                  Hex            #.......     16%         3    None
 Gell's Gravitas          Tloc           #.........   16%         3    None
 Inner Flame              Hex/Fire       ##......     16%         3    None
 Ozocubu's Armour         Chrm/Ice       #.......     16%         3    None
 Portal Projectile        Hex/Tloc       #.....       16%         3    None
 Summon Guardian Golem    Hex/Summ       #.......     16%         3    None
 Cause Fear               Hex            #.........   47%         4    ###....
 Summon Ice Beast         Ice/Summ       #.......     47%         4    ###....
 Summon Lightning Spire   Summ/Air       #.......     47%         4    ###....
 Yara's Violent Unravell  Hex/Tmut       ###.......   54%         5    #####..
 Metabolic Englaciation   Hex/Ice        #.........   83%         5    #####..


Dungeon Overview and Level Annotations

Branches:
Dungeon (14/15)            Temple (0/1) D:5            Lair (6/6) D:9
  Swamp (0/4) Lair:3       Spider (0/4) Lair:4        Slime (0/5) Lair:5
    Orc (2/2) D:10            Elf (0/3) Orc:2       Volcano (visited)
 Vaults: D:13-14

Shops:
D:12 }   D:14 }   Orc:2 *[[

Annotations:
D:3 3 runed translucent doors croc and ghost, Paulus's ghost, amateur FoFi
D:5 1 runed translucent door
D:6 1 runed translucent door ghost, skk's ghost, novice FoFi
D:8 2 transporters, Avack's ghost, novice VSGl


Innate Abilities, Weirdness & Mutations

You have an increased reservoir of magic. (+10% MP)


Message History

* * * LOW HITPOINT WARNING * * *
The two-headed ogre completely misses you.
The two-headed ogre barely misses you.
The two-headed ogre hits you but does no damage.
Things that are here:
11 arrows; a +0 longbow The two-headed ogre completely misses you.
The two-headed ogre hits you with a +0 giant club.
* * * LOW HITPOINT WARNING * * *
The two-headed ogre misses you. The two-headed ogre closely misses you.
The two-headed ogre hits you with a +0 giant club!!
* * * LOW HITPOINT WARNING * * *
The two-headed ogre hits you with a +0 giant club!!
* * * LOW HITPOINT WARNING * * *
You blink.
You feel slightly more hungry.
You blink.
You feel slightly more hungry.
You blink.
You feel slightly more hungry. The two-headed ogre barely misses you.
The two-headed ogre hits you with a +0 giant club!
You die...

##.⌠#..#...#####.##.#O##(#..#
.#.##...÷........##......#..#
.#.....##..#.##§.O.......#..#
....>..##..#>##O#####(##(#.O###
##.###.##}....#.# #.....(...#
...###.###.#..#.# ##......#O#
<..)##........#.######>..##.#.###
.##.##.###......O........#.......
.##.##.# #######@........#..#....
.......# ##.#####..##.......
###.#### #...# #........... #.#
#...# #......###.# # #.#########
#...# ######## #.# # #.#....§..#
#...# ... # #.#.#####.###...#####
... ###.#.####.............#
[.#.#.##...@............


You could see 2 two-headed ogres.

Vanquished Creatures
  Jorgrun (Orc:2)
  Louise (D:14)
  Azrael (D:12)
  Snorg (D:12)
  A blizzard demon (Abyss:3)
  A fire dragon (Lair:6)
  Josephine (D:12)
  An ice dragon (Orc:2)
  Fannar (Lair:2)
  A quicksilver dragon skeleton (Abyss:3)
  5 hydras
  2 centaur warriors
  2 two-headed ogres
  A tengu warrior (D:9)
  2 death yaks (Lair:6)
  An ogre mage (D:14)
  3 wretched stars (Abyss:3)
  2 unseen horrors
  A wolf spider zombie (D:14)
  2 lindwurms (Lair:6)
  3 large abominations (Abyss:3)
  A wolf spider (Lair:6)
  7 orc knights (Orc:2)
  An orc sorcerer (Volcano)
  4 manticores
  3 cyclopes
  4 ugly things
  9 black mambas
  3 elephants (Lair:6)
  A guardian serpent (Lair:6)
  A smoke demon (Volcano)
  A centaur zombie (D:10)
  Psyche (D:8)
  2 gargoyles (D:9)
  19 spiny frogs
  5 torpor snails (Lair:6)
  7 rime drakes
  3 komodo dragons
  2 starcursed masses
  An efreet (D:14)
  A freezing wraith (D:14)
  A red devil (Volcano)
  3 trolls
  An ancient zyme (Abyss:3)
  3 meliai
  4 polar bears
  10 hornets
  3 slime creatures (D:12)
  3 tyrant leeches (Lair:6)
  8 blink frogs
  2 bog bodies (Lair:3)
  7 dream sheep
  3 hippogriffs
  A meliai zombie (D:12)
  6 raiju (Abyss:3)
  A water elemental (D:13)
  A ynoxinul (Abyss:3)
  4 redbacks (Lair:6)
  4 wraiths
  18 wyverns
  18 yaks
  2 fire elementals (D:12)
  2 basilisks
  7 hungry ghosts
  Menkaure (D:4)
  3 wargs
  16 water moccasins
  10 hell hounds
  7 porcupines
  A small abomination (Abyss:3)
  35 orc warriors
  5 sky beasts
  4 black bears
  4 ice beasts
  3 phantoms
  3 necrophages (Lair:3)
  15 ogres
  4 boggarts (D:14)
  8 centaurs
  12 crocodiles
  23 wolves
  30 bullfrogs
  2 gnoll sergeants
  A wyvern zombie (D:8)
  A water moccasin zombie (D:9)
  7 scorpions
  4 killer bees
  3 wights (D:6)
  11 electric eels
  5 crimson imps
  21 orc priests
  10 hounds
  3 jellies
  6 bullfrog skeletons
  3 centaur skeletons
  Ijyb (D:4)
  4 iguanas
  Natasha (D:3)
  21 orc wizards
  16 worker ants
  A howler monkey zombie (D:10)
  A worker ant zombie (D:9)
  Robin (D:2)
  16 adders
  15 gnolls
  A howler monkey skeleton (D:11)
  5 shadow imps
  5 oozes
  3 adder skeletons
  4 worms
  2 dart slugs
  5 leopard geckos
  80 orcs
  A ball python (D:6)
  9 bats
  8 giant cockroaches
  17 goblins
  10 hobgoblins
  16 jackals
  4 kobolds
  3 quokkas
  2 frilled lizards
  A jackal skeleton (D:4)
  2 rats (D:3)
  A butterfly (D:5)
  2 fungi
  2 plants (Lair:6)
743 creatures vanquished.

Vanquished Creatures (collateral kills)
  2 death yaks (Lair:6)
  Urug (Orc:1)
  A raiju (Abyss:3)
  A yak (Orc:2)
  A warg (Orc:2)
  5 orc warriors (Orc:2)
  An orc wizard (Orc:2)
  4 orcs (Orc:2)
16 creatures vanquished.

Vanquished Creatures (others)
  A green draconian (Abyss:3)
  An orange demon (Abyss:3)
  A raiju (Abyss:3)
  An orc priest (D:13)
  11 fungi
  48 plants
63 creatures vanquished.

Grand Total: 822 creatures vanquished

Notes
Turn   | Place    | Note
-------+----------+-------------------------------------------
     0 | D:1      | Fingolfin the Demigod Earth Elementalist began the quest
                  | for the Orb.
     0 | D:1      | Reached XP level 1. HP: 14/14 MP: 5/5
   589 | D:1      | Reached XP level 2. HP: 20/20 MP: 2/7
   774 | D:1      | Learned a level 2 spell: Passwall
   994 | D:2      | Reached XP level 3. HP: 26/26 MP: 6/8
  1099 | D:2      | Learned a level 3 spell: Stone Arrow
  1103 | D:2      | Found an opulent altar of Gozag.
  1132 | D:2      | Found a snail-covered altar of Cheibriados.
  1133 | D:2      | Found a hazy altar of Hepliaklqana.
  1134 | D:2      | Noticed Robin
  1139 | D:2      | Killed Robin
  1153 | D:2      | Reached skill level 1 in Conjurations
  1382 | D:2      | Reached XP level 4. HP: 33/33 MP: 4/9
  2371 | D:3      | Noticed Natasha
  2375 | D:3      | Killed Natasha
  2470 | D:3      | Reached XP level 5. HP: 38/38 MP: 2/10
  2959 | D:3      | Found a faded altar of an unknown god.
  3195 | D:3      | Found a runed translucent gate.
  3210 | D:3      | Found a runed translucent gate.
  3210 | D:3      | Found a runed translucent gate.
  3212 | D:3      | Found an opulent altar of Gozag.
  3215 | D:3      | Noticed Paulus's ghost (amateur FoFi)
  3254 | D:4      | Noticed Menkaure
  3255 | D:4      | Got a dazzling leather armour
  3265 | D:4      | Killed Menkaure
  3265 | D:4      | Reached XP level 6. HP: 34/45 MP: 3/11
  3406 | D:4      | Reached skill level 5 in Conjurations
  3409 | D:4      | Noticed Ijyb
  3446 | D:4      | Killed Ijyb
  3689 | D:4      | Reached skill level 5 in Earth Magic
  3873 | D:4      | Reached XP level 7. HP: 48/50 MP: 9/13
  4204 | D:5      | Entered Level 5 of the Dungeon
  4473 | D:5      | Reached skill level 1 in Fighting
  4511 | D:5      | Reached skill level 2 in Fighting
  4658 | D:5      | Reached skill level 3 in Fighting
  4658 | D:5      | Reached XP level 8. HP: 55/63 MP: 2/14
  4830 | D:5      | Found a staircase to the Ecumenical Temple.
  4965 | D:5      | Reached skill level 4 in Fighting
  5058 | D:5      | Found a runed translucent door.
  5059 | D:5      | Found a runed translucent door.
  5138 | D:5      | Reached skill level 5 in Fighting
  5650 | D:6      | Reached skill level 6 in Fighting
  5910 | D:6      | Found a runed translucent door.
  5910 | D:6      | Noticed skk's ghost (novice FoFi)
  5923 | D:6      | Reached skill level 1 in Armour
  6926 | D:7      | Learned a level 5 spell: Lee's Rapid Deconstruction
  6937 | D:7      | Reached XP level 9. HP: 75/75 MP: 9/15
  7667 | D:8      | Found a transporter.
  7685 | D:8      | Found a transporter.
  7686 | D:8      | Noticed Avack's ghost (novice VSGl)
  7965 | D:8      | Noticed Psyche
  7968 | D:8      | Killed Psyche
  7981 | D:8      | Found a blossoming altar of Fedhas.
  8288 | D:8      | Reached skill level 5 in Spellcasting
  8762 | D:9      | Noticed a two-headed ogre
  8787 | D:9      | Killed a two-headed ogre
  8949 | D:9      | Noticed a gargoyle
  8950 | D:9      | Killed a gargoyle
  8950 | D:9      | Reached XP level 10. HP: 83/83 MP: 17/23
  8950 | D:9      | Noticed a tengu warrior
  8971 | D:9      | Killed a tengu warrior
  9066 | D:9      | Reached skill level 5 in Evocations
  9098 | D:9      | Noticed a centaur warrior
  9106 | D:9      | Killed a centaur warrior
  9348 | D:9      | Noticed a cyclops
  9865 | D:9      | Found a staircase to the Lair.
 10262 | D:9      | Identified the ring "Qucwilol" {Fire +Blink rN+ Str+3
                  | Dex-3}
 10593 | D:9      | Killed a cyclops
 10805 | D:9      | Reached skill level 5 in Stealth
 10971 | D:10     | Entered Level 10 of the Dungeon
 11058 | D:10     | Reached XP level 11. HP: 81/89 MP: 2/24
 12647 | D:10     | Found a staircase to the Orcish Mines.
 12670 | D:10     | Identified the +6 leather armour of Hospitality {Int+7
                  | Dex-3} (You found it on level 4 of the Dungeon)
 12750 | Lair:1   | Entered Level 1 of the Lair of Beasts
 12805 | Lair:1   | Found a dark tunnel.
 12853 | Volcano  | Entered a volcano
 13969 | Lair:1   | Reached skill level 5 in Armour
 14236 | Lair:2   | Noticed Fannar
 14313 | Lair:2   | Reached skill level 5 in Dodging
 14442 | Lair:2   | Noticed a five-headed hydra
 14451 | Lair:2   | Killed a five-headed hydra
 14645 | Lair:2   | Killed Fannar
 14773 | Lair:2   | Learned a level 4 spell: Petrify
 14802 | Lair:2   | Reached skill level 1 in Transmutations
 15044 | Lair:2   | Reached XP level 12. HP: 96/96 MP: 8/25
 15946 | Lair:3   | Found a staircase to the Swamp.
 16256 | Lair:3   | Reached skill level 7 in Fighting
 16450 | Lair:4   | Found a hole to the Spider Nest.
 16468 | Lair:4   | Noticed a four-headed hydra
 16705 | Lair:4   | Reached skill level 8 in Fighting
 16763 | Lair:4   | Killed a four-headed hydra
 16941 | Lair:4   | Reached skill level 9 in Fighting
 17219 | Lair:4   | Got a dazzling long sword
 17220 | Lair:4   | Identified the +10 long sword "Qouc Pei" {freeze, *Contam
                  | rPois rN++} (You found it on level 4 of the Lair of Beasts)
 17725 | Lair:4   | Noticed an eight-headed hydra
 17902 | Lair:4   | Killed an eight-headed hydra
 17902 | Lair:4   | Reached skill level 10 in Fighting
 18573 | Lair:5   | Got a slimy jade ring
 18692 | Lair:5   | Upgraded the game from 0.25-a0-44-g29a1220a87 to
                  | 0.25-a0-57-ga0c9b72eff
 19018 | Lair:5   | Identified the ring of Gozag's Esteem {Dex+5 Stlth+} (You
                  | found it on level 5 of the Lair of Beasts)
 19061 | Lair:5   | Found a staircase to the Slime Pits.
 19063 | Lair:5   | Found a viscous altar of Jiyva.
 19399 | Lair:6   | Entered Level 6 of the Lair of Beasts
 19410 | Lair:6   | Noticed a five-headed hydra
 19416 | Lair:6   | Killed a five-headed hydra
 19508 | Lair:6   | Reached skill level 11 in Fighting
 19617 | Lair:6   | Reached XP level 13. HP: 89/116 MP: 9/26
 20206 | Lair:6   | Reached skill level 12 in Fighting
 20379 | Lair:6   | Learned a level 1 spell: Apportation
 20381 | Lair:6   | Learned a level 1 spell: Animate Skeleton
 20869 | Lair:6   | Reached skill level 13 in Fighting
 21362 | Lair:6   | Upgraded the game from 0.25-a0-57-ga0c9b72eff to
                  | 0.25-a0-96-g4073cf80fb
 22382 | Lair:6   | Found a runed translucent door.
 22689 | Lair:6   | Reached skill level 14 in Fighting
 22939 | Lair:6   | Paralysed by a hornet for 1 turns
 24211 | Orc:1    | Entered Level 1 of the Orcish Mines
 24231 | Orc:1    | Noticed Urug
 24356 | Orc:1    | Killed Urug
 24722 | Orc:2    | Entered Level 2 of the Orcish Mines
 25036 | Orc:2    | Found a staircase to the Elven Halls.
 25404 | Orc:2    | Reached XP level 14. HP: 130/133 MP: 1/28
 26621 | Orc:2    | Reached skill level 1 in Shields
 26987 | Orc:2    | Found Tudwidih's General Store.
 26987 | Orc:2    | Found Vuwkun's Distillery.
 27005 | Orc:2    | Bought a scroll of identify for 26 gold pieces
 27098 | Orc:2    | Reached skill level 15 in Fighting
 27376 | Orc:2    | Noticed Jorgrun
 27388 | Orc:2    | Killed Jorgrun
 27829 | Orc:2    | Found Plog's Antique Armour Shop.
 27829 | Orc:2    | Found Rujorr's Antique Armour Emporium.
 27852 | Orc:2    | Found a roughly hewn altar of Beogh.
 28490 | D:11     | Reached skill level 5 in Shields
 28695 | D:11     | Reached skill level 1 in Maces & Flails
 28710 | D:11     | Identified the +1 robe of Xaddaqadd {MR++ Dex-4} (You found
                  | it on level 11 of the Dungeon)
 28901 | Orc:2    | Bought a potion of heal wounds for 65 gold pieces
 28910 | Orc:2    | Bought a potion of invisibility for 120 gold pieces
 28910 | Orc:2    | Bought a potion of heal wounds for 75 gold pieces
 28910 | Orc:2    | Bought 2 potions of curing for 90 gold pieces
 28910 | Orc:2    | Bought a potion of haste for 150 gold pieces
 28910 | Orc:2    | Bought 2 potions of might for 120 gold pieces
 28910 | Orc:2    | Bought 2 potions of haste for 300 gold pieces
 28910 | Orc:2    | Bought a potion of resistance for 150 gold pieces
 30100 | D:12     | Noticed Azrael
 30419 | D:12     | Killed Azrael
 30611 | D:12     | Noticed Josephine
 30617 | D:12     | Killed Josephine
 30799 | D:12     | Reached skill level 5 in Maces & Flails
 31249 | D:12     | Found Syarrig's Gadget Boutique.
 31251 | D:12     | Noticed Snorg
 31292 | D:12     | HP: 6/135 [Snorg (10)]
 31296 | D:12     | Killed Snorg
 32356 | D:13     | Upgraded the game from 0.25-a0-96-g4073cf80fb to
                  | 0.25-a0-189-gf71692caf1
 33824 | D:14     | Noticed Louise
 33841 | D:14     | Found a shattered altar of Ashenzari.
 34177 | D:14     | Cast into level 3 of the Abyss (Louise)
 34341 | Abyss:3  | Noticed a bone dragon
 34355 | Abyss:3  | Found a corrupted altar of Lugonu.
 34360 | Abyss:3  | Found a corrupted altar of Lugonu.
 34566 | Abyss:3  | Found an iron altar of Okawaru.
 34580 | Abyss:3  | Noticed a bone dragon
 34654 | Abyss:3  | Found a transporter.
 34660 | Abyss:3  | Noticed a yellow draconian scorcher
 34662 | Abyss:3  | Noticed a yellow draconian stormcaller
 34666 | Abyss:3  | Noticed a white draconian knight
 34669 | D:14     | Escaped the Abyss
 35536 | D:14     | Killed Louise
 35536 | D:14     | Reached XP level 15. HP: 103/141 MP: 16/29
 35802 | D:14     | Found Gues's Gadget Shop.
 35897 | D:14     | HP: 2/141 [two-headed ogre/+0 giant club (19)]
 35903 | D:14     | Mangled by a two-headed ogre

Levels and vault maps discovered:
D:1:      lightli_arrival_flooded_house, layout_loops_ring, patterned_corridor
D:2:      layout_basic, gammafunk_temple_overflow_claw, first_ration,
          kennysheep_generic_room_15, uniq_robin
D:3:      layout_basic, ebering_ghost_gozag,
          chequers_ecumenical_altar_simple_redux, uniq_natasha
D:4:      layout_loops_ring, uniq_menkaure, uniq_ijyb
D:5:      lemuel_insect_pit, layout_cave_pools,
          minmay_temple_entry_proselytizer, bh_walls_and_bars
D:6:      layout_cave_pools, hellmonk_ghost_happy_afterlife
D:7:      layout_gridville
D:8:      layout_basic, fedhas_bush_and_centaur_altar,
          gammafunk_ghost_mausoleum, hangedman_decor_riveting, uniq_psyche
D:9:      hangedman_cross_veins, layout_basic, erik_lair_island
D:10:     layout_long_grid, erik_orc_2
D:11:     layout_basic
D:12:     layout_loops_ring, serial_shops, shop_statue, uniq_josephine,
          uniq_snorg, uniq_azrael
D:13:     layout_basic
D:14:     layout_loops_cross, david_vaults_2, evilmike_ruin_ashenzari,
          serial_shops, shop, nicolae_shop_crystal, uniq_louise
Lair:1:   layout_roguey, enter_volcano_3, chequers_serial_rivers_small_b
Lair:2:   layout_big_grid, beast_lair_carwin_7, uniq_fannar
Lair:3:   layout_loops_ring, skrybe_swamp_entry_bodies,
          chequers_serial_rivers_marsh, serial_bayou_pond_b,
          roderic_carrion_pond
Lair:4:   cheibrodos_lair_river_kwai, layout_loops_ring, dummy_spider_entry,
          grunt_megastairs_2
Lair:5:   layout_roguey, slime_altar_1
Lair:6:   hangedman_lair_tendril_chambers, layout_cave_pods, wormcave,
          serial_bayou_pond_b, st_stairs_4, serial_bayou_lake_a
Orc:1:    layout_caves, mines2_lemuel, uniq_urug
Orc:2:    st_orc_town, layout_diamond_mine,
          portal_ice_cave_entry_animals_and_master, uniq_jorgrun

Skill      XL: |  1  2  3  4  5  6  7  8  9 10 11 12 13 14 |
---------------+-------------------------------------------+-----
Earth Magic    | 3 4 5 6 8 |  8.3
Spellcasting   | 2 6 |  6.4
Conjurations   | 1 3 4 5 6 8 |  8.0
Fighting       | 3 6 11 14 15 | 15.0
Dodging        | 3 4 6 |  6.0
Armour         | 2 4 6 |  6.0
Evocations     | 2 6 |  6.3
Stealth        | 5 6 |  6.0
Transmutations | 3 4 |  4.0
Shields        | 5 |  5.0
Maces & Flails | 9 |  9.1

Action                   |  1- 3 |  4- 6 |  7- 9 | 10-12 | 13-15 || total
-------------------------+-------+-------+-------+-------+-------++-------
Melee: Unarmed           |    16 |       |       |       |       ||    16
       Dagger            |       |    61 |     8 |     4 |       ||    73
       Staff             |       |       |     8 |    51 |   204 ||   263
       Eveningstar       |       |       |       |       |   523 ||   523
 Cast: Sandblast         |    49 |    62 |   149 |   304 |   201 ||   765
       Stone Arrow       |       |     5 |    54 |   162 |   251 ||   472
       Lee's Rapid Decon |       |       |       |    31 |    77 ||   108
       Petrify           |       |       |       |    13 |    71 ||    84
       Animate Skeleton  |       |       |       |       |    25 ||    25
       Apportation       |       |       |       |       |     6 ||     6
       Passwall          |       |       |       |       |     2 ||     2
 Abil: Evoke Blink       |       |       |       |     1 |     7 ||     8
Evoke: Wand              |       |       |       |     8 |    34 ||    42
       Lamp of fire      |       |       |       |       |     3 ||     3
       Phial of floods   |       |       |       |       |     2 ||     2
  Use: Scroll            |       |       |     7 |     8 |    16 ||    31
       Potion            |       |       |       |       |    17 ||    17
 Stab: Sleeping          |       |       |     1 |       |    11 ||    12
       Petrified         |       |       |       |    17 |   154 ||   171
       Petrifying        |       |       |       |       |    11 ||    11
       Distracted        |       |       |       |       |     1 ||     1
  Eat: Chunk             |     2 |     9 |    20 |    32 |    73 ||   136
       Ration            |       |       |       |     3 |     2 ||     5
Armor: Robe              |    11 |       |       |       |    32 ||    43
       Ring mail         |     6 |    17 |       |       |       ||    23
       Leather armour    |       |     2 |    19 |    99 |   363 ||   483
Dodge: Dodged            |    34 |    43 |    31 |   162 |   592 ||   862
Block: Buckler           |       |       |       |       |   129 ||   129

Table legend:
 A = Non-vault XP
 B = Vault XP
 C = Vault XP percentage of total XP
 D = Non-vault monster count
 E = Vault monster count
 F = Vault count percentage of total count
                 A         B        C        D         E       F
            +---------+---------+-------+---------+---------+-------
      Total |   63237 |   62065 |  49.5 |     502 |     254 |  33.6
            +---------+---------+-------+---------+---------+-------
        D:1 |      15 |       0 |   0.0 |       7 |       0 |   0.0
        D:2 |     100 |      46 |  31.5 |      25 |      14 |  35.9
        D:3 |     177 |      36 |  16.9 |      27 |       1 |   3.6
        D:4 |     405 |     210 |  34.1 |       9 |       2 |  18.2
        D:5 |     905 |     365 |  28.7 |      21 |      14 |  40.0
        D:6 |     703 |       0 |   0.0 |      23 |       0 |   0.0
        D:7 |     627 |       0 |   0.0 |      27 |       0 |   0.0
        D:8 |    1029 |     743 |  41.9 |      21 |       3 |  12.5
        D:9 |    1470 |    6074 |  80.5 |      28 |      25 |  47.2
       D:10 |    2255 |     885 |  28.2 |      33 |      18 |  35.3
       D:11 |    3640 |     151 |   4.0 |      24 |       1 |   4.0
       D:12 |    5378 |    5085 |  48.6 |      37 |      12 |  24.5
       D:13 |    4689 |       0 |   0.0 |      26 |       0 |   0.0
       D:14 |    7392 |    1705 |  18.7 |      27 |       1 |   3.6
     Lair:1 |    2389 |     284 |  10.6 |      14 |       2 |  12.5
     Lair:2 |    2548 |    2842 |  52.7 |      13 |       7 |  35.0
     Lair:3 |    1491 |    1644 |  52.4 |      11 |       8 |  42.1
     Lair:4 |    7275 |    2530 |  25.8 |      30 |       7 |  18.9
     Lair:5 |    2997 |       0 |   0.0 |      17 |       0 |   0.0
     Lair:6 |   10681 |   19996 |  65.2 |      30 |      61 |  67.0
      Orc:1 |     872 |     806 |  48.0 |      11 |       3 |  21.4
      Orc:2 |    1478 |   12360 |  89.3 |      26 |      61 |  70.1
    Abyss:3 |    4721 |    3982 |  45.8 |      15 |       7 |  31.8
    Volcano |       0 |    2321 | 100.0 |       0 |       7 | 100.0
            +---------+---------+-------+---------+---------+-------
